cohdb
Replays
Latest Replays
All Replays
Popular Replays
Top Player Replays
Match Explorer
How It Works
Community
CoH3 Stats
Reddit
Sign in to upload your games and track your stats! →
Sign in with Steam
Match 42516994
Unlisted
Match 42516994
Overview
Messages
Build Orders
End
Selects Canadian Shock Battlegroup
Construct Section Command Post
Infantry Section
Infantry Section
Selects Offensive Resupply
Selects Canadian Shock Section
Canadian Shock Section
Construct Platoon Command Post
Construct Field Infirmary
Selects Incendiary Munitions
Humber Armored Car
Canadian Shock Section
Selects Pyrotechnics
Infantry Training
Grenade Package
Selects Smoke Operation
Construct Company Command Post
Selects Demolition Engineering
Crusader II Medium Tank
Demolition Engineering
Nukite
Dåsen
Bruistablet
cayemr
0
0
Comments
sign in to comment!
No comments posted yet!